 Dungeon Crawl Stone Soup version 0.30-a0-949-g53dc5368d7 (webtiles) character file.

Game seed: 4335994896829886362

871 Jackthecabe the Skirmisher (level 8, 0/58 (60) HPs)
             Began as a Formicid Hunter on Mar 28, 2023.
             Was an Initiate of Qazlal.
             Slain by a wight
             ... wielding a +5 great sword
              (11 damage)
             ... on level 6 of the Dungeon.
             The game lasted 00:11:49 (4299 turns).

Jackthecabe the Skirmisher (Formicid Hunter)        Turns: 4299, Time: 00:11:55

HP:   0/58 (60)     AC:  3    Str: 17    XL:     8   Next: 24%
MP:   8/8           EV: 12    Int:  8    God:    Qazlal [......]
Gold: 228           SH:  0    Dex: 19    Spells: 7/7 levels left

rFire   . . .      SeeInvis +    a - +0 shortbow
rCold   + . .      Faith    .    (no shield)
rNeg    . . .      Spirit   .    c - +0 leather armour
rPois   .          Reflect  .    (helmet unavailable)
rElec   .          Rampage  .    (no cloak)
rCorr   .                        (no gloves)
Will    +....                    (no boots)
Stlth   ++                       (no amulet)
HPRegen 0.29/turn                W - ring of willpower
MPRegen 0.11/turn                C - ring of protection from cold

@: lightly drained
A: permanent stasis, dig shafts and tunnels, antennae 3, four strong arms
a: Dig, Shaft Self, Renounce Religion


You were on level 6 of the Dungeon.
You worshipped Qazlal.
Qazlal was noncommittal.
You visited 2 branches of the dungeon, and saw 7 of its levels.

You collected 228 gold pieces.


Innate Abilities, Weirdness & Mutations

You cannot be hasted, slowed, berserked, paralysed or teleported.
You can dig through walls and to a lower floor.
You have a pair of large antennae on your head. (SInv)
Your four strong arms can wield two-handed weapons with a shield.


   Skills:
 - Level 4.0 Fighting
 + Level 9.2 Ranged Weapons
 - Level 1.7 Dodging
 - Level 1.2 Stealth


You had 7 spell levels left.
You didn't know any spells.
Your spell library contained the following spells:

 Spells                   Type           Power      Damage    Failure   Level
 Ensorcelled Hibernation  Hex/Ice        0%         N/A       63%         2
 Passwall                 Tmut/Erth      0%         N/A       63%         2
 Dazzling Flash           Conj/Hex       0%         N/A       85%         3
 Iskenderun's Mystic Bla  Conj/Tloc      0%         2d3       99%         4
 Starburst                Conj/Fire      0%         6d3       100%        6
 Swiftness                Air            Unusable   N/A       N/A         3

Inventory:

Hand Weapons
 a - a +0 shortbow (weapon)
Armour
 c - a +0 leather armour (worn)
Magical Staves
 j - a staff of death {!a}
Jewellery
 C - a ring of protection from cold (right hand)
 S - a +6 ring of strength
 W - a ring of willpower (left hand)
Wands
 t - a wand of flame (12)
Scrolls
 b - 2 scrolls of immolation
 e - 2 scrolls of vulnerability {unknown}
 g - a scroll of identify {@r1}
 l - a scroll of summoning {unknown}
 p - 2 scrolls of enchant weapon {unknown}
 r - 2 scrolls of teleportation {unknown}
 s - a scroll of amnesia {unknown}
 w - 2 scrolls of poison {unknown}
 x - a scroll of fog {unknown}
 y - a scroll of blinking {unknown}
 A - a scroll of noise {unknown}
 B - a scroll of fear {unknown}
Potions
 d - 3 potions of attraction {unknown}
 f - 3 potions of brilliance
 h - 2 potions of curing {@q1}
 i - a potion of lignification {unknown}
 k - a potion of berserk rage {!q}
 m - 2 potions of mutation {unknown}
 n - a potion of might {unknown}
 o - 2 potions of flight
 q - 3 potions of cancellation
 u - a potion of resistance {unknown}
 v - 2 potions of heal wounds {unknown}
 z - 2 potions of ambrosia {unknown}
 D - a potion of degeneration {unknown}

Dungeon Overview and Level Annotations

Branches:
Dungeon (6/15)             Temple (1/1) D:5

Altars:
Ashenzari
Cheibriados
Dithmenos
Elyvilon
Fedhas
Gozag
Kikubaaqudgha
Qazlal
Ru
Sif Muna
Trog
Uskayaw
Vehumet
Xom
Yredelemnul
Zin
The Shining One

Shops:
D:1 !

Annotations:
D:3 1 runed translucent door, Bediveer's ghost, amateur DrHu

#.....##.........#
####....###......... #
##.#......##........##.
.........###..........
##...)....#......>..#....[.#..
#.................# #.......#
##.......##........###.......##
..........#...#.z#..##........#
........<...# ##@#..##........##.
...#........# #..##..............
.####......## #..#......#..#.....
.###..##..### #..................
.......##... #........#.........
.#..####.... #........##.##.....
.##.#.......###.#.........# ..#..
###......#....#.#............##..
##..##...###..#...........##.....


You could see a wight.


Message History

You kill the orc!
Qazlal accepts your kill.
No target in view!
Found a robe.
Found a stone staircase leading down.
A wight comes into view. It is wielding a +5 great sword.
You shoot an arrow. The arrow closely misses the wight.
You shoot an arrow. The arrow barely misses the wight.
You shoot an arrow.
The arrow hits the wight but does no damage.
You shoot an arrow. The arrow hits the wight.
The wight is lightly damaged.
You shoot an arrow. The arrow closely misses the wight.
You shoot an arrow.
The arrow hits the wight but does no damage.
The wight is lightly damaged.
The wight barely misses you.
You shoot an arrow. The arrow closely misses the wight.
The wight misses you.
You shoot an arrow. The arrow barely misses the wight.
The wight hits you with a +5 great sword!
You feel drained.
You shoot an arrow. The arrow closely misses the wight.
The wight hits you with a +5 great sword!
You shoot an arrow.
The arrow hits the wight but does no damage.
The wight is lightly damaged.
The wight hits you with a +5 great sword!!
* * * LOW HITPOINT WARNING * * *
The wight hits you with a +5 great sword!
You die...

Skill      XL: |  1  2  3  4  5  6  7  8 |
---------------+-------------------------+-----
Ranged Weapons | 5 6 7 8 9 |  9.2
Fighting       | 4 |  4.0
Dodging        | |  1.7
Stealth        | |  1.2

Action                     |  1- 3 |  4- 6 |  7- 9 || total
---------------------------+-------+-------+-------++-------
   Fire: Shortbow          |    95 |   130 |   103 ||   328
Ability: Dig               |       |       |     3 ||     3
    Use: Scroll            |       |       |     5 ||     5
         Potion            |       |       |     2 ||     2
 Armour: Leather armour    |     6 |     7 |     9 ||    22
  Dodge: Dodged            |    11 |    36 |    41 ||    88

Levels and vault maps discovered:
D:1:      scummos_arrival_star, layout_loops_ring,
          hellmonk_ecumenical_altar_defaced_shrine, serial_shops, shop,
          serial_bayou, serial_bayou_shore_a, serial_bayou_pond_b,
          serial_bayou_ford_a, serial_bayou_pond_d
D:2:      layout_basic, basic_altar
D:3:      minmay_door_path, layout_rooms, gammafunk_ghost_grave
D:4:      layout_cave_pools, mainiacjoe_overflow_concentric_impassable
D:5:      layout_basic, minmay_temple_entry_ruins
D:6:      layout_cave_pools, uniq_sigmund
Temple:   nicolae_temple_bog_church

Notes
Turn   | Place    | Note
-------+----------+-------------------------------------------
     0 | D:1      | Jackthecabe the Formicid Hunter began the quest for the
                  | Orb.
     0 | D:1      | Reached XP level 1. HP: 16/16 MP: 1/1
    75 | D:1      | Reached XP level 2. HP: 22/22 MP: 2/2
   225 | D:1      | Reached XP level 3. HP: 27/27 MP: 3/3
   307 | D:1      | Reached skill level 5 in Ranged Weapons
   445 | D:1      | Found a faded altar of an unknown god.
   643 | D:1      | Found Utod's Distillery.
   932 | D:2      | Found a blossoming altar of Fedhas.
   981 | D:2      | Identified the +5 dagger "Tufucw" {heavy, Int+3 Dex-4 SInv}
  1414 | D:3      | Reached XP level 4. HP: 33/33 MP: 4/4
  1569 | D:3      | Reached XP level 5. HP: 38/38 MP: 5/5
  1594 | D:3      | Reached skill level 6 in Ranged Weapons
  1729 | D:3      | Found a runed translucent door.
  1730 | D:3      | Noticed Bediveer's ghost (amateur DrHu)
  1988 | D:3      | Reached XP level 6. HP: 44/44 MP: 6/6
  2318 | D:4      | Found a white marble altar of Elyvilon.
  2338 | D:4      | Reached skill level 7 in Ranged Weapons
  2363 | D:4      | Noticed a sky beast
  2654 | D:4      | Killed a sky beast
  2881 | D:5      | Entered Level 5 of the Dungeon
  2885 | D:5      | Reached XP level 7. HP: 50/50 MP: 7/7
  2895 | D:4      | Reached skill level 8 in Ranged Weapons
  3194 | D:5      | Found a staircase to the Ecumenical Temple.
  3204 | Temple   | Entered the Ecumenical Temple
  3403 | Temple   | Became a worshipper of Qazlal Stormbringer
  3515 | D:5      | Reached skill level 3 in Fighting
  3594 | D:5      | Reached skill level 4 in Fighting
  3595 | D:5      | HP: 4/54 [hound (5)]
  3601 | D:5      | HP: 5/54 [hound (5)]
  3907 | D:5      | Reached XP level 8. HP: 39/60 MP: 8/8
  3959 | D:5      | Reached skill level 9 in Ranged Weapons
  4299 | D:6      | Slain by a wight

Vanquished Creatures
  A sky beast (D:4)
  A black bear (D:5)
  A centaur (D:5)
  A phantom (D:5)
  4 hounds
  2 jellies
  An orc priest (D:3)
  3 iguanas
  A sleepcap (D:5)
  An orc wizard (D:2)
  7 gnolls
  3 adders
  2 worms (D:3)
  5 dart slugs
  9 orcs
  5 endoplasms
  3 giant cockroaches
  7 goblins
  5 hobgoblins
  3 jackals (D:4)
  3 quokkas
  5 ball pythons
  4 bats
  5 frilled lizards
  7 kobolds
  7 rats
96 creatures vanquished.

Vanquished Creatures (others)
  10 plants (D:1)
10 creatures vanquished.

Grand Total: 106 creatures vanquished

Table legend: (Time is in decaauts)
 A = Elapsed time spent in this place.
 B = Non-inter-level travel time spent in this place.
 C = Inter-level travel time spent in this place.
 D = Time resting spent in this place.
 E = Time spent auto-exploring this place.
 F = Levels seen in this place.
 G = Mean time per level.
                   A        B        C        D        E       F      G
               +--------+--------+--------+--------+--------+-----+--------+
         Total |   4396 |   4199 |    197 |    497 |   2828 |   7 |  628.0 |
       Dungeon |   4172 |   3992 |    180 |    497 |   2664 |   6 |  695.3 |
        Temple |    224 |    207 |     17 |      0 |    164 |   1 |  224.0 |
               +--------+--------+--------+--------+--------+-----+--------+

Top non-repeatable levels by time:
     D:1: 943 daAuts
     D:4: 856 daAuts
     D:3: 801 daAuts
     D:5: 773 daAuts
     D:2: 639 daAuts
  Temple: 224 daAuts
     D:6: 158 daAuts

Table legend:
 A = Non-vault XP
 B = Vault XP
 C = Vault XP percentage of total XP
 D = Non-vault monster count
 E = Vault monster count
 F = Vault count percentage of total count
                 A         B        C        D         E       F
            +---------+---------+-------+---------+---------+-------
      Total |    1187 |      58 |   4.7 |      87 |       9 |   9.4
            +---------+---------+-------+---------+---------+-------
        D:1 |      43 |       9 |  17.3 |      23 |       5 |  17.9
        D:2 |      41 |       0 |   0.0 |       6 |       0 |   0.0
        D:3 |     142 |      49 |  25.7 |      24 |       4 |  14.3
        D:4 |     260 |       0 |   0.0 |      16 |       0 |   0.0
        D:5 |     592 |       0 |   0.0 |      12 |       0 |   0.0
        D:6 |     109 |       0 |   0.0 |       6 |       0 |   0.0
            +---------+---------+-------+---------+---------+-------
